 Dungeon Crawl Stone Soup version 0.18-a0-888-g17a9b31 (webtiles) character file.

23 Jmtri7 the Sneak (level 3, -5/25 HPs)
             Began as a Lacertilian Monk on Jan 1, 2016.
             Was a Believer of Cheibriados.
             Slain by a worm (9 damage)
             ... on level 2 of the Dungeon.
             The game lasted 00:03:09 (368 turns).

Jmtri7 the Sneak (Lacertilian Monk)                  Turns: 368, Time: 00:03:09

Health: -5/25      AC:  5    Str: 16    XL:     3   Next: 0%
Magic:  2/2        EV: 15    Int: 16    God:    Cheibriados [**....]
Gold:   54         SH:  0    Dex: 24    Spells: 0 memorised, 2 levels left

rFire  . . .     SeeInvis .     c - +0 dagger
rCold  . . .     Gourm    .     a - +0 robe
rNeg   . . .     Faith    +     (no shield)
rPois  .         Spirit   .     (no helmet)
rElec  .         Dismiss  .     (no cloak)
rCorr  .         Reflect  .     (no gloves)
SustAt .         Harm     .     (no boots)
MR     .....                    (no amulet)
Stlth  ++++......               (no ring)
                                (no ring)

@: lethally poisoned (-5 -> -7), very slow, not resistant to hostile
enchantments, stealthy
A: faith, no wrath for changing religions, slimy green scales 2, camouflage 1,
cold-blooded
a: Bend Time, Renounce Religion


You were on level 2 of the Dungeon.
You worshipped Cheibriados.
Cheibriados was pleased with you.
You were not hungry.

You visited 1 branch of the dungeon, and saw 2 of its levels.

You collected 54 gold pieces.

Inventory:

Hand Weapons
 c - a +0 dagger (weapon)
Armour
 a - a +0 robe (worn)
Potions
 d - a potion of haste {unknown}
Comestibles
 b - 2 bread rations
 f - a meat ration


   Skills:
 * Level 2.6 Fighting
 + Level 1.2 Armour
 + Level 3.1 Dodging
 + Level 3.3 Stealth
 - Level 3.2 Unarmed Combat


You had 2 spell levels left.
You didn't know any spells.

Dungeon Overview and Level Annotations

Branches:
Dungeon (2/15)

Altars:
Cheibriados


Innate Abilities, Weirdness & Mutations

You have a strong connection with the divine.
You may change religions without incurring divine wrath.
You are mostly covered in slimy green scales (AC +3).
Your skin changes colour to match your surroundings (Stealth).
You are cold-blooded and may be slowed by cold attacks.


Message History

The adder closely misses you.
You closely miss the adder. Your punch misses the adder.
The adder is almost dead.
The adder bites you.
* * * LOW HITPOINT WARNING * * *
The worm barely misses you.
You hit the adder.
The adder is almost dead.
The adder misses you.
You closely miss the adder. You tail-slap the adder.
You kill the adder!
Cheibriados thoroughly appreciates the change of pace.
Cheibriados raises the support of your attributes as your movement slows.
You have reached level 3!
Your experience leads to an increase in your attributes!
Your base attributes are Str 10, Int 10, Dex 17.
Increase (S)trength, (I)ntelligence, or (D)exterity?
You feel agile. The worm bites you!
You die...

...........#.... .....
........##..w.. ......
............#$####......
.........##.#.#.........
..............#...s.....
.)......................
........................
.............>.w........
...#............@†......
...#..................##
...#..................#
...######.............#
...# ######........#
...# ########## ...#
...# ...#


You could see a worm and a giant cockroach (sleeping).

Vanquished Creatures
  An adder (D:2)
  2 hobgoblins (D:1)
  4 jackals (D:1)
  2 bats (D:1)
  2 goblins
  A kobold (D:2)
  3 rats (D:1)
15 creatures vanquished.

Notes
Turn   | Place    | Note
--------------------------------------------------------------
     0 | D:1      | Jmtri7 the Lacertilian Monk began the quest for the Orb.
     0 | D:1      | Reached XP level 1. HP: 15/15 MP: 0/0
    53 | D:1      | Found a snail-covered altar of Cheibriados.
    59 | D:1      | Became a worshipper of Cheibriados the Contemplative
    59 | D:1      | Reached * piety under Cheibriados
    59 | D:1      | Reached ** piety under Cheibriados
   113 | D:1      | Reached XP level 2. HP: 20/20 MP: 1/1
   130 | D:1      | Reached skill level 1 in Armour
   368 | D:2      | Reached XP level 3. HP: 3/25 MP: 2/2
   368 | D:2      | Slain by a worm

Vault maps used:
D:1:      dpeg_arrival_central, cheibriados_altar_1
D:2:      lemuel_blue_sif_altar, ecumenical_altar_1, first_bread,
          glass_columns_a, uniq_crazy_yiuf_cottage

Action                   || total
-------------------------++-------
Melee: Unarmed           ||    15
       Dagger            ||    38
 Stab: Sleeping          ||     3
